 Dungeon Crawl Stone Soup version 0.19.5 (webtiles) character file.

10493 magipi the Cleaver (level 11, -2/104 HPs)
             Began as a Hill Orc Monk on Mar 12, 2017.
             Was an Elder of Beogh.
             Slain by a hill giant
             ... wielding a cursed -3 giant spiked club
              (24 damage)
             ... on level 11 of the Dungeon.
             The game lasted 00:48:31 (12845 turns).

magipi the Cleaver (Hill Orc Monk)                 Turns: 12845, Time: 00:48:32

Health: -2/104     AC: 22    Str: 25    XL:     11   Next: 63%
Magic:  21/21      EV:  7    Int: 10    God:    Beogh [****..]
Gold:   554        SH:  0    Dex: 17    Spells: 0 memorised, 10 levels left

rFire  . . .     SeeInvis +     a - +0 war axe
rCold  + . .     Gourm    .     C - +6 scale mail of Brilliance {rElec rPois Dex+2 SInv}
rNeg   . . .     Faith    .     (no shield)
rPois  +         Spirit   .     A - +2 hat {MR+}
rElec  +         Reflect  .     h - +0 cloak
rCorr  .         Harm     .     y - +1 pair of gloves
MR     +....                    v - +0 pair of boots
Stlth  ++........               j - amulet of regeneration
                                d - +3 ring of evasion
                                c - ring of the Furies {rC+ MP+9 Str+4 Stlth+}

@: mighty, held
A: no striking features
a: Smiting, Recall Orcish Followers, Renounce Religion


You were on level 11 of the Dungeon.
You worshipped Beogh.
Beogh was greatly pleased with you.
You were not hungry.

You visited 1 branch of the dungeon, and saw 11 of its levels.

You collected 612 gold pieces.
You spent 58 gold pieces at shops.

Notes
Turn   | Place    | Note
-------+----------+-------------------------------------------
     0 | D:1      | magipi the Hill Orc Monk began the quest for the Orb.
     0 | D:1      | Reached XP level 1. HP: 19/19 MP: 1/1
   513 | D:1      | Reached XP level 2. HP: 25/26 MP: 2/2
  1018 | D:2      | Reached skill level 5 in Axes
  1160 | D:2      | Found a shattered altar of Ashenzari.
  1208 | D:2      | Noticed Ijyb
  1251 | D:2      | Killed Ijyb
  1251 | D:2      | Reached XP level 3. HP: 19/31 MP: 3/3
  1434 | D:2      | Reached skill level 6 in Axes
  1988 | D:2      | Reached XP level 4. HP: 38/39 MP: 4/4
  2310 | D:3      | Noticed Scuka's ghost (amateur DECj)
  2604 | D:3      | Reached skill level 7 in Axes
  3167 | D:2      | Reached XP level 5. HP: 28/45 MP: 5/5
  3963 | D:3      | Found a sacrificial altar of Ru.
  3981 | D:3      | Reached skill level 8 in Axes
  4149 | D:4      | Reached XP level 6. HP: 52/52 MP: 6/6
  4340 | D:4      | Found a staircase to the Ecumenical Temple.
  4537 | D:4      | Noticed North's ghost (amateur MfGl)
  4629 | D:4      | Reached skill level 1 in Armour
  4629 | D:4      | Reached skill level 1 in Evocations
  5095 | D:5      | Entered Level 5 of the Dungeon
  5211 | D:5      | Found a white marble altar of Elyvilon.
  5419 | D:5      | Reached XP level 7. HP: 52/60 MP: 8/8
  5709 | D:5      | Reached skill level 9 in Axes
  5971 | D:5      | Reached skill level 5 in Fighting
  6256 | D:6      | Found Toila's Armour Shoppe.
  6257 | D:6      | Noticed Scuka's ghost (novice DECj)
  6287 | D:6      | Killed Scuka's ghost
  6287 | D:6      | Reached skill level 10 in Axes
  6287 | D:6      | Reached XP level 8. HP: 71/71 MP: 9/9
  6306 | D:6      | Bought a +0 cloak for 58 gold pieces
  6335 | D:6      | Noticed Sigmund
  6698 | D:5      | Reached skill level 5 in Armour
  7022 | D:6      | Found a white marble altar of Elyvilon.
  7047 | D:6      | Became a worshipper of Beogh the Brigand
  7047 | D:6      | Reached * piety under Beogh
  7047 | D:6      | Reached ** piety under Beogh
  7091 | D:6      | Found an opulent altar of Gozag.
  7571 | D:7      | Noticed a hippogriff
  7584 | D:7      | Killed a hippogriff
  7584 | D:7      | Reached skill level 11 in Axes
  7584 | D:7      | Reached XP level 9. HP: 79/79 MP: 10/10
  8009 | D:7      | Found a shimmering altar of Xom.
  8010 | D:7      | Found a shimmering altar of Xom.
  8010 | D:7      | Found a shimmering altar of Xom.
  8033 | D:7      | Found a deep blue altar of Sif Muna.
  8785 | D:8      | Reached skill level 12 in Axes
  8808 | D:8      | Noticed a hornet
  8810 | D:8      | Noticed Prince Ribbit
  9165 | D:8      | Reached *** piety under Beogh
  9238 | D:8      | Killed a hornet
  9238 | D:8      | Reached XP level 10. HP: 57/91 MP: 11/11
  9455 | D:8      | Got a crude scale mail
  9470 | D:8      | Noticed Gastronok
  9644 | D:8      | Killed Gastronok
  9644 | D:8      | Reached skill level 10 in Fighting
  9644 | D:8      | Reached skill level 13 in Axes
  9695 | D:8      | Killed Prince Ribbit
  9863 | D:8      | Identified the +6 scale mail of Brilliance {rElec rPois Dex+2 SInv} (You found it on level 8 of the Dungeon)
 10195 | D:6      | Found Toila's Armour Shoppe.
 10299 | D:6      | Found a white marble altar of Elyvilon.
 10352 | D:6      | Found an opulent altar of Gozag.
 10510 | D:6      | Killed Sigmund
 11077 | D:9      | Found a roughly hewn altar of Beogh.
 11077 | D:9      | Found a staircase to the Orcish Mines.
 11244 | D:9      | Noticed Joseph
 11249 | D:9      | Killed Joseph
 11304 | D:9      | Noticed Pikel
 11316 | D:9      | Killed Pikel
 11316 | D:9      | Reached XP level 11. HP: 65/102 MP: 12/12
 11636 | D:9      | Found a staircase to the Lair.
 11924 | D:9      | Got an ancient glass ring
 11968 | D:9      | Identified the ring of the Furies {rC+ MP+9 Str+4 Stlth+} (You found it on level 9 of the Dungeon)
 12030 | D:9      | Reached **** piety under Beogh
 12092 | D:10     | Entered Level 10 of the Dungeon
 12241 | D:10     | Found an iron altar of Okawaru.
 12398 | D:10     | Reached skill level 14 in Axes
 12632 | D:11     | Noticed a skeletal warrior
 12644 | D:11     | Killed a skeletal warrior
 12644 | D:11     | Reached skill level 10 in Armour
 12678 | D:11     | Noticed a cyclops
 12688 | D:11     | Gained Orkrul as an ally
 12689 | D:11     | Killed a cyclops
 12710 | D:11     | Noticed Nergalle
 12733 | D:11     | Killed Nergalle
 12802 | D:11     | Noticed a skeletal warrior
 12803 | D:11     | Noticed a skeletal warrior
 12825 | D:11     | Killed a skeletal warrior
 12828 | D:11     | Killed a skeletal warrior
 12833 | D:11     | Noticed a hill giant
 12843 | D:11     | Noticed Harold
 12845 | D:11     | Slain by a hill giant

Inventory:

Hand Weapons
 a - a +0 war axe (weapon)
 b - a +0 hand axe
Missiles
 t - a throwing net (quivered)
 x - 4 javelins
Armour
 h - a +0 cloak (worn)
 v - a +0 pair of boots (worn)
 y - a +1 pair of gloves (worn)
 A - a +2 hat of magic resistance (worn)
 C - the +6 scale mail of Brilliance (worn) {rElec rPois Dex+2 SInv}
   (You found it on level 8 of the Dungeon)

   It affects your dexterity (+2).
   It insulates you from electricity.
   It protects you from poison.
   It lets you see invisible.
Jewellery
 c - the ring of the Furies (left hand) {rC+ MP+9 Str+4 Stlth+}
   (You found it on level 9 of the Dungeon)

   [ring of strength]

   It affects your strength (+4).
   It protects you from cold.
   It affects your magic capacity (+9).
   It makes you more stealthy.
 d - a +3 ring of evasion (right hand)
 j - an amulet of regeneration (around neck)
 n - an uncursed amulet of rage
Wands
 z - a wand of enslavement (11/24)
 E - a wand of digging (16/24)
 G - a wand of confusion (44/48)
 H - a wand of disintegration (9/24)
Scrolls
 e - 3 scrolls of remove curse
 f - 3 scrolls of fear
 m - a scroll of silence {unknown}
 o - 4 scrolls of teleportation
 p - a scroll of brand weapon {unknown}
Potions
 k - 2 potions of might
 l - 2 potions of resistance
 q - 2 potions of flight
 r - 5 potions of curing
 s - a potion of ambrosia {unknown}
 u - a potion of beneficial mutation {unknown}
 w - 2 potions of magic
 D - a potion of mutation {unknown}
 I - 2 potions of cancellation {unknown}
Comestibles
 g - 3 chunks of flesh
 i - 5 meat rations
 F - 10 bread rations


   Skills:
 + Level 12.0 Fighting
 + Level 14.7 Axes
 + Level 10.5 Armour
 - Level 2.4 Dodging
 - Level 1.5 Stealth
 - Level 1.8 Evocations


You had 10 spell levels left.
You didn't know any spells.

Dungeon Overview and Level Annotations

Branches:
Dungeon (11/15)            Temple (0/1) D:4            Lair (0/6) D:9
    Orc (0/2) D:9

Altars:
Ashenzari
Elyvilon
Gozag
Okawaru
Ru
Sif Muna
Xom
Beogh

Shops:
D:6 [

Annotations:
D:3 Scuka's ghost, amateur DECj
D:4 North's ghost, amateur MfGl
D:7 2 exclusions
D:10 1 exclusion
D:11 Harold

Vault maps used:
D:1:      minmay_arrival_loop
D:2:      nicolae_overflow_crystal_walls, serial_forest,
          infiniplex_forest_clump_diagonal, infiniplex_forest_clump_C,
          infiniplex_forest_end_2, infiniplex_forest_lined_room_2,
          infiniplex_forest_lined_3_way, uniq_iyjb
D:3:      kennysheep_slugbush, nicolae_ru_great_annihilating_truth
D:4:      minmay_temple_entry_purple_smoke, minmay_surrounded
D:5:      basic_altar, first_bread
D:6:      elyvilon_altar_4, grunt_gozag_breadcrumbs, serial_shops,
          nicolae_shop_behind_doors, uniq_sigmund
D:7:      kennysheep_little_box, xom_redecorated
D:8:      kennysheep_blocky_hall, grunt_temple_overflow_bloody_war,
          uniq_prince_ribbit1, uniq_gastronok
D:9:      dpeg_oklobed_lair, david_orc_5, uniq_joseph, uniq_pikel
D:10:     basic_altar, the_bakery, minivault_11, minivault_7
D:11:     uniq_harold, uniq_nergalle


Message History

You swap places.
The orc hits your orc with a dagger.
Your orc sorcerer hits the orc warrior with a dagger!
The crocodile barely misses your orc sorcerer.
The crimson imp shouts, "Flee, thou yeasty weevil-witted Cock-Lorel!"
Your ynoxinul gestures.
Your orc hits the orc with a dagger.
Your ufetubus struggles against the net.
The orc warrior hits your orc sorcerer with a hand axe.
The orc warrior barely misses your rust devil.
The orc warrior barely misses you.
You slash the orc warrior!
You kill the orc warrior!
Beogh accepts your kill.
Your Fighting skill increases to level 12!
The orc wizard looks satisfied for a moment.
The orc barely misses your orc.
Your ufetubus struggles against the net.
The crocodile barely misses your orc sorcerer.
Your ynoxinul gestures.
Your orc hits the orc with a dagger.
Orkrul roars a battlecry!
Your orc goes into a battle-frenzy!
You barely miss the crimson imp.
Your ufetubus struggles against the net.
The orc barely misses your orc.
Your orc sorcerer points at the crimson imp and mumbles some strange words.
The crimson imp resists with significant effort.
The crimson imp completely misses you. The crocodile bites your orc sorcerer!
Your rust devil barely misses the crimson imp.
Your orc barely misses the orc.
The hill giant hits your ufetubus with a giant spiked club!!
Your ufetubus dies!
You slash the crimson imp!
The crimson imp is almost dead.
Orkrul hits the crocodile with a +1 great sword!
Your neqoxec gestures.
The orc closely misses your orc.
Your orc sorcerer barely misses the crimson imp.
The crocodile misses Orkrul.
The crimson imp hits you with a morningstar.
* * * LOW HITPOINT WARNING * * *
Your rust devil barely misses the crocodile.
You hit the crimson imp but do no damage.
The crimson imp is almost dead.
Your ynoxinul disappears in a puff of smoke!
Your ufetubus disappears in a puff of smoke! x4
Your orc hits the orc but does no damage.
Something barely misses your orc.
Orkrul hits the crocodile with a +1 great sword!
The crocodile dies!
Beogh accepts your kill.
The hill giant barely misses your neqoxec.
Your orc sorcerer gestures wildly while chanting.
The orc hits your orc with a dagger.
Your orc dies!
Put on which piece of jewellery? (? for menu, Esc to quit)
You remove your amulet of rage.
Your shadow imp completely misses the hill giant.
The crimson imp spits at you.
The crimson imp blinks!
Your iron imp hits the hill giant.
You sense that the amulet cannot attune itself to your injured body.
j - an amulet of regeneration (around neck)
Your orc sorcerer no longer looks unusually strong.
Your quasit disappears in a puff of smoke!
Your orc sorcerer hits the orc wizard with a dagger.
Unknown command.
Unknown command.
You slash the orc wizard!
The orc wizard is severely wounded.
The orc wizard hits you but does no damage. x2
Harold the Weathered comes into view.
He is wielding a glaive.
Unknown command.
You swap places.
The orc wizard hits you but does no damage.
Your orc sorcerer points at the crimson imp and mumbles some strange words.
The bolt of fire hits the orc wizard.
The orc wizard dies!
Beogh accepts your kill.
The bolt of fire hits the orc.
The orc dies!
Beogh accepts your kill.
Your shadow imp hits the hill giant.
The hill giant hits your neqoxec with a giant spiked club!!
Your neqoxec dies!
Your shadow imp disappears in a puff of smoke!
Your iron imp disappears in a puff of smoke!
Your shadow imp disappears in a puff of smoke!
Your rust devil hits the crimson imp.
The crimson imp dies!
Beogh accepts your kill.
Harold throws a throwing net.
The throwing net barely misses you.
Orkrul roars a battlecry!
Your orc sorcerer goes into a battle-frenzy!
Your orc hits the hill giant with a dagger.
Your ice devil hits the hill giant.
Your ice devil freezes the hill giant!
Harold pauses a moment, imagining something with a smile on his face.
Harold throws a throwing net.
The throwing net hits you.
You become entangled in the net!
The hill giant hits you with a giant spiked club!!
You die...

#### ...### ..# .# .
##†# #.# #. .
#..##..##... #..
###)##.......# ...
#####4o)##....# ..
###....oC()....# #
...))4o.§@#.#### ##.#
....###..##)# ...
.....@..##..# ##.
...#######.############
####.o..o..oo.....#
####
##....############>#
..# #..>..# ###.# #.#
#..#### #...# #.
#.###).# #.###


You could see Harold, a hill giant, the friendly Orkrul the orc knight, a
friendly ice devil, a friendly rust devil, a friendly orc sorcerer and a
friendly orc.

Vanquished Creatures
  Gastronok (D:8)
  Nergalle (D:11)
  2 skeletal warriors (D:11)
  The ghost of Scuka the Infuser, a novice DECj of Vehumet (D:6)
  A cyclops (D:11)
  A centaur zombie (D:11)
  A troll (D:10)
  Prince Ribbit (D:8)
  2 hippogriffs (D:7)
  A spriggan (D:10)
  A wyvern (D:10)
  A hungry ghost (D:7)
  A mottled dragon (D:10)
  An orc warrior (D:11)
  4 sky beasts
  4 ogres
  A phantom (D:5)
  6 centaurs
  A crocodile (D:7)
  A big kobold (D:8)
  8 bullfrogs
  2 scorpions
  3 killer bees (D:7)
  4 wights (D:7)
  2 howler monkeys
  5 crimson imps
  3 hounds
  A jelly (D:4)
  5 orc priests
  Ijyb (D:2)
  2 orc wizards
  2 iguanas
  6 worker ants
  A hound skeleton (D:6)
  A worker ant zombie (D:11)
  6 gnolls
  8 adders
  A shadow imp (D:5)
  An adder zombie (D:5)
  2 adder skeletons
  A worm (D:2)
  9 dart slugs
  3 leopard geckos
  14 orcs
  3 giant cockroaches
  2 hobgoblins (D:1)
  8 jackals
  5 quokkas
  4 bats
  6 frilled lizards
  3 goblins
  15 kobolds
  A leopard gecko skeleton (D:5)
  2 quokka skeletons
  10 rats
  A fungus (D:9)
184 creatures vanquished.

Vanquished Creatures (collateral kills)
  A skeletal warrior (D:11)
  Pikel (D:9)
  Joseph (D:9)
  A troll (D:9)
  2 hornets
  A hippogriff (D:8)
  Sigmund (D:6)
  A vampire (D:9)
  2 slaves (D:9)
  2 orc warriors (D:9)
  An ogre (D:11)
  A centaur (D:11)
  A crocodile (D:11)
  A bullfrog (D:9)
  A scorpion (D:9)
  A crimson imp (D:11)
  An orc wizard (D:11)
  A hound (D:11)
  3 worker ants
  A hound zombie (D:9)
  2 adders
  8 orcs
  A fungus (D:9)
36 creatures vanquished.

Vanquished Creatures (others)
  An orc priest (D:6)
  3 orc wizards (D:11)
  A worker ant (D:6)
  20 orcs
  A quokka (D:6)
26 creatures vanquished.

Grand Total: 246 creatures vanquished

Action                   |  1- 3 |  4- 6 |  7- 9 | 10-12 || total
-------------------------+-------+-------+-------+-------++-------
Melee: Hand axe          |   147 |   281 |    59 |       ||   487
       War axe           |       |       |   356 |   291 ||   647
Invok: Convert to Beogh  |       |       |     1 |       ||     1
       Recall Orcish Fol |       |       |       |     2 ||     2
 Abil: Evoke Berserk Rag |       |       |     3 |     1 ||     4
  Use: Scroll            |       |    13 |     2 |     8 ||    23
       Potion            |       |     3 |       |     1 ||     4
 Stab: Sleeping          |     3 |       |       |     1 ||     4
       Invisible         |       |     1 |       |       ||     1
       Confused          |       |       |     1 |       ||     1
       Distracted        |       |       |       |     6 ||     6
       Paralysed         |       |       |       |     3 ||     3
  Eat: Chunk             |     3 |    11 |     8 |     3 ||    25
       Fruit             |       |     1 |     2 |       ||     3
       Bread ration      |       |       |     3 |       ||     3
       Beef jerky        |       |       |       |     4 ||     4
       Pizza             |       |       |       |     1 ||     1
Armor: Robe              |     8 |       |       |       ||     8
       Chain mail        |    35 |   138 |   211 |    41 ||   425
       Scale mail        |       |       |       |    69 ||    69
Dodge: Dodged            |    71 |    98 |   194 |   148 ||   511

Action                   |  1- 3 |  4- 6 |  7- 9 | 10-12 || total
-------------------------+-------+-------+-------+-------++-------
Melee: Hand axe          |   147 |   281 |    59 |       ||   487
       War axe           |       |       |   356 |   291 ||   647
Invok: Convert to Beogh  |       |       |     1 |       ||     1
       Recall Orcish Fol |       |       |       |     2 ||     2
 Abil: Evoke Berserk Rag |       |       |     3 |     1 ||     4
  Use: Scroll            |       |    13 |     2 |     8 ||    23
       Potion            |       |     3 |       |     1 ||     4
 Stab: Sleeping          |     3 |       |       |     1 ||     4
       Invisible         |       |     1 |       |       ||     1
       Confused          |       |       |     1 |       ||     1
       Distracted        |       |       |       |     6 ||     6
       Paralysed         |       |       |       |     3 ||     3
  Eat: Chunk             |     3 |    11 |     8 |     3 ||    25
       Fruit             |       |     1 |     2 |       ||     3
       Bread ration      |       |       |     3 |       ||     3
       Beef jerky        |       |       |       |     4 ||     4
       Pizza             |       |       |       |     1 ||     1
Armor: Robe              |     8 |       |       |       ||     8
       Chain mail        |    35 |   138 |   211 |    41 ||   425
       Scale mail        |       |       |       |    69 ||    69
Dodge: Dodged            |    71 |    98 |   194 |   148 ||   511
